 Dungeon Crawl Stone Soup version 0.29.1-2-gbd0b4ee654 (webtiles) character file.

Game seed: 4445571017680232098

144 qeuew the Conjurer (level 4, -6/52 HPs)
             Began as a Demigod Conjurer on Nov 4, 2022.
             Mangled by a gnoll
             ... wielding a +0 flail
             ... led by a gnoll bouda
              (10 damage)
             ... on level 4 of the Dungeon.
             The game lasted 00:05:56 (3182 turns).

qeuew the Conjurer (Demigod Conjurer)               Turns: 3182, Time: 00:05:56

Health: -6/52      AC:  3    Str:  8    XL:     4   Next: 77%
Magic:  2/10       EV: 13    Int: 20    God:
Gold:   145        SH:  0    Dex: 19    Spells: 1/8 levels left

rFire   x . .      SeeInvis .   e - +0 short sword (drain)
rCold   . . .      Faith    .   (no shield)
rNeg    + . .      Spirit   .   o - +1 robe of Whack-A-Mole {rF- rN+ Dex+3 Slay+3}
rPois   .          Reflect  .   (no helmet)
rElec   .          Harm     .   (no cloak)
rCorr   .          Rampage  .   (no gloves)
Will    .....                   (no boots)
Stlth   ..........              (no amulet)
HPRegen 0.17/turn               (no ring)
MPRegen 0.12/turn               (no ring)

@: berserking, very quick
A: high MP 1, forlorn, divine attributes
a: no special abilities


You were on level 4 of the Dungeon.
You visited 1 branch of the dungeon, and saw 4 of its levels.

You collected 145 gold pieces.

Inventory:

Hand Weapons
 e - a +0 short sword of draining (weapon)
Armour
 o - the +1 robe of Whack-A-Mole (worn) {rF- rN+ Dex+3 Slay+3}
   (You found it on level 2 of the Dungeon)

   Dex:       It affects your dexterity (+3).
   Slay:      It affects your accuracy & damage with ranged weapons and melee
   (+3).
   rF:        It makes you vulnerable to fire.
   rN:        It protects you from negative energy.
Jewellery
 d - a ring of ice
Wands
 p - a wand of flame (13)
Scrolls
 c - a scroll of vulnerability {unknown}
 i - a scroll of teleportation
Potions
 a - a potion of curing
 b - a potion of magic
 f - a potion of berserk rage
 g - a potion of might
 h - a potion of ambrosia
 k - a potion of flight
 l - a potion of cancellation


   Skills:
 * Level 1.1 Fighting
 * Level 1.0 Short Blades
 * Level 1.3 Armour
 * Level 2.2 Dodging
 - Level 1.7 Stealth
 * Level 2.6 Spellcasting
 + Level 4.3 Conjurations
 * Level 0.2 Fire Magic


You had one spell level left.
You knew the following spells:

 Your Spells              Type           Power      Damage    Failure   Level
a - Magic Dart            Conj           80%        1d7       2%          1
b - Searing Ray           Conj           40%        2d5       3%          2
c - Flame Wave            Conj/Fire      11%        2d6       50%         4

Your spell library contained the following spells:

 Spells                   Type           Power      Damage    Failure   Level
 Foxfire                  Conj/Fire      44%        2x1d6     6%          1
 Conjure Flame            Conj/Fire      11%        6-21      17%         3
 Dazzling Flash           Conj/Hex       22%        N/A       19%         3
 Inner Flame              Hex/Fire       3%         N/A       38%         3
 Fulminant Prism          Conj/Hex       5%         3d7       52%         4
 Iskenderun's Mystic Bla  Conj/Tloc      11%        2d4       52%         4
 Fireball                 Conj/Fire      5%         3d5       85%         5
 Starburst                Conj/Fire      5%         6d4       100%        6
 Ignition                 Fire           1%         3d3       100%        8


Dungeon Overview and Level Annotations

Branches:
Dungeon (4/15)
 Temple: D:4-7


Innate Abilities, Weirdness & Mutations

You have an increased reservoir of magic. (+10% MP)
You shall have no god before yourself.
Your divine heritage dramatically boosts your attributes as you level up.


Message History

A gnoll comes into view. It is wielding a +0 flail.
Your magical contamination has completely faded away.
An orc comes into view. It is wielding a +0 club.
The orc moves out of view.
A gnoll comes into view. It is wielding a +0 spear.
A gnoll comes into view. It is wielding a +0 flail.
The gnoll bouda barks out a call to the hunt!
The gnolls pick up the pace!
The gnoll shouts!
You hear a shout! x2; The orc shouts!
The gnoll shouts! x2
You hit the gnoll bouda. You drain the gnoll bouda.
The gnoll bouda is heavily wounded.
A gnoll comes into view. It is wielding a +0 halberd.
The gnoll bouda closely misses you.
You hit the gnoll bouda. You drain the gnoll bouda.
The gnoll bouda is almost dead.
An adder comes into view.
The gnoll bouda gazes fiercely through you!
You feel your attacks grow feeble. The gnoll bouda closely misses you.
A gnoll comes into view. It is wielding a +0 spear.
The adder hisses angrily.
You hit the gnoll bouda.
You kill the gnoll bouda!
Your attacks no longer feel as feeble.
The gnoll hits you with a +0 flail.
An orc comes into view. It is wielding a +0 flail.
The gnoll attacks as you move away! The gnoll hits you with a +0 flail.
The gnoll hits you from afar with a +0 halberd!
The gnoll attacks as you move away! The gnoll closely misses you.
The gnoll hits you with a +0 flail.
* * * LOW HITPOINT WARNING * * *
The gnoll attacks as you move away! The gnoll hits you with a +0 flail!
* * * LOW HITPOINT WARNING * * *
It was a potion of berserk rage.
A red film seems to cover your vision as you go berserk!
You feel yourself moving faster!
You feel mighty! The gnoll closely misses you.
You feel a strong urge to attack something.
There is a stone staircase leading up here.
The gnoll barely misses you. The gnoll hits you with a +0 flail!
You die...

# ## .## #.## .. #
###... ..
#.#....###.
.........
........#
.######.#@#####.#
........g.......#
.#######g####....#
........o# ...#
#######gg####....#
#.............#
#.####..##..o.# #
#.)g# . ##g.#


You could see 3 gnolls and an orc.

Vanquished Creatures
  A gnoll bouda (D:4)
  5 adders
  8 orcs
  6 endoplasms
  3 giant cockroaches
  4 goblins
  3 hobgoblins
  3 jackals (D:1)
  3 quokkas
  9 ball pythons
  2 bats
  9 kobolds
  5 rats
61 creatures vanquished.

Notes
Turn   | Place    | Note
-------+----------+-------------------------------------------
     0 | D:1      | qeuew the Demigod Conjurer began the quest for the Orb.
     0 | D:1      | Reached XP level 1. HP: 14/14 MP: 5/5
   331 | D:1      | Reached XP level 2. HP: 20/20 MP: 1/7
   699 | D:1      | Reached skill level 4 in Conjurations
   702 | D:1      | Learned a level 2 spell: Searing Ray
  1177 | D:2      | Identified the +1 robe of Whack-A-Mole {rF- rN+ Dex+3
                  | Slay+3}
  1451 | D:2      | Reached XP level 3. HP: 27/27 MP: 1/8
  2311 | D:3      | Reached skill level 1 in Armour
  2586 | D:3      | Reached XP level 4. HP: 34/34 MP: 4/10
  2615 | D:3      | Reached skill level 1 in Fighting
  3097 | D:3      | Learned a level 4 spell: Flame Wave
  3167 | D:4      | Reached skill level 1 in Short Blades
  3182 | D:4      | Mangled by a gnoll

Illustrated notes

Levels and vault maps discovered:
D:1:      lemuel_arrival_cross, layout_loops_ring, basic_ecumenical_altar
D:2:      layout_basic, nicolae_kite_square_tiling_tiny
D:3:      layout_basic, general_overflow_altar, nicolae_overflow_crystal_walls
D:4:      layout_basic, lemuel_round_altar,
          mainiacjoe_overflow_concentric_impassable, minitemple, uniq_menkaure,
          uniq_sigmund, uniq_crazy_yiuf_cottage, uniq_grinder

Skill      XL: |  1  2  3  4 |
---------------+-------------+-----
Spellcasting   | 2 |  2.6
Conjurations   | 4 |  4.3
Dodging        | 2 |  2.2
Armour         | 1 |  1.3
Fighting       | 1 |  1.1
Short Blades   | 1 |  1.0
Stealth        | |  1.7
Fire Magic     | |  0.2

Action                   |  1- 3 |  4- 6 || total
-------------------------+-------+-------++-------
Melee: Short sword       |    23 |     3 ||    26
 Cast: Magic Dart        |   105 |    30 ||   135
  Use: Scroll            |     8 |       ||     8
       Potion            |     4 |     1 ||     5
Armor: Robe              |     7 |       ||     7
Dodge: Dodged            |    22 |     7 ||    29
